 Dungeon Crawl Stone Soup version 0.23.2-33-g5129a83184 (webtiles) character file.

Game seed: 15622615004219009801

26 MalarOregon the Charmwright (level 3, -4/27 HPs)
             Began as a Merfolk Skald on July 31, 2019.
             Slain by Sigmund
             ... wielding a +1 vampiric scythe
              (8 damage)
             ... on level 2 of the Dungeon.
             The game lasted 00:03:45 (1345 turns).

MalarOregon the Charmwright (Merfolk Skald)         Turns: 1345, Time: 00:03:46

Health: -4/27      AC:  3    Str: 15 (16) XL:     3   Next: 8%
Magic:  6/6        EV:  9    Int: 15 (18) God:
Gold:   39         SH:  0    Dex: 12 (13) Spells: 3/6 levels left

rFire    . . .     SeeInvis .   a - +0 spear
rCold    . . .     Gourm    .   f - +0 shield (curse)
rNeg     . . .     Faith    .   b - +0 leather armour
rPois    .         Spirit   .   (no helmet)
rElec    .         Reflect  .   (no cloak)
rCorr    .         Harm     .   (no gloves)
MR       .....                  (no boots)
Stlth    +.........             (no amulet)
HPRegen  0.09/turn              (no ring)
MPRegen  0.10/turn              (no ring)

@: confused, mighty, brilliant, flying, very slightly contaminated
A: change form in water, swift swim, stealthy swim
a: no special abilities


You were on level 2 of the Dungeon.
You were hungry.

You visited 1 branch of the dungeon, and saw 2 of its levels.

You collected 39 gold pieces.

Inventory:

Hand Weapons
 a - a +0 spear (weapon)
Armour
 b - a +0 leather armour (worn)
 c - a +2 shield
   (You found it on level 1 of the Dungeon)
 f - a cursed +0 shield (worn)
   (You found it on level 1 of the Dungeon)
 g - a +0 ring mail
   (You found it on level 1 of the Dungeon)
Scrolls
 e - a scroll of random uselessness {unknown}
 h - 2 scrolls of teleportation {unknown}
 i - 2 scrolls of fog {unknown}
 k - a scroll of remove curse {unknown}
 n - a scroll of magic mapping {unknown}
 p - 3 scrolls of identify {unknown}
 q - a scroll of fear {unknown}
Potions
 m - a potion of flight
Comestibles
 d - 4 rations {!d}


   Skills:
 + Level 2.3 Fighting
 + Level 3.1 Polearms
 + Level 0.8 Armour
 + Level 2.9 Dodging
 + Level 0.6 Shields
 + Level 2.4 Spellcasting
 + Level 3.7 Charms


You had 3 spell levels left.
You knew the following spells:

 Your Spells              Type           Power        Failure   Level  Hunger
a - Infusion              Chrm           ###.         4%          1    #......
q - Shroud of Golubria    Chrm/Tloc      ###.......   13%         2    ###....

Your spell library contained the following spells:

 Spells                   Type           Power        Failure   Level  Hunger
 Song of Slaying          Chrm           ###.....     7%          2    ###....
 Regeneration             Chrm/Necr      ###.......   24%         3    ###....
 Spectral Weapon          Hex/Chrm       ###.....     24%         3    ###....


Dungeon Overview and Level Annotations

Branches:
Dungeon (2/15)

Altars:
Ashenzari

Annotations:
D:2 Sigmund


Message History

Sigmund hits you from afar with a +1 vampiric scythe!
* * * LOW HITPOINT WARNING * * *
Sigmund barely misses you. The rat bites you.
You hit the rat.
You kill the rat!
Sigmund casts a spell at you. The puff of flame hits you.
Unknown command.
You're too confused to move!
Sigmund points at you and mumbles some strange words.
You are more confused.
You bump into the rock wall.
Sigmund mumbles some strange words.
Sigmund flickers and vanishes!
Deactivating autopickup; reactivate with Ctrl-A.
You're too confused to move!
Something hits you!
You bump into the rock wall.
You hear some strange, mumbled words.
Something tries to affect you, but you resist.
Unknown command.
You feel less invigorated.
It was a potion of heal wounds.
You feel much better.
You hear some strange, mumbled words.
You are more confused.
It was a potion of might.
You feel very mighty all of a sudden.
You're too confused to move!
Something hits you.
You hear some strange, mumbled words.
A magic dart appears from out of thin air!
The magic dart hits you!
You bump into the rock wall.
You hear some strange, mumbled words.
You are more confused.
Unknown command.
Something hits you.
* * * LOW HITPOINT WARNING * * *
You're too confused to move!
You are no longer glowing.
Unknown command.
You bump into the rock wall.
Something hits you!
* * * LOW HITPOINT WARNING * * *
You bump into the rock wall.
Something completely misses you.
Unknown command.
You're too confused to move!
You're too confused to move!
Something hits you!
You die...

####.........# #...r#
#.......####.# ##.#
##.#....## #.# #..#
#..#.#..## #.# #†##
..##.#...# #.# ##.#
####.##..####.## #..#
<###.##.....#..###.##
.....####.#.##.#...#
...### #.#.##..@###
#..######.#.)#..##
##....##.......##
#####......##..# #
###............
#...###.....#..#
###.#.# ..###.##.#
#.._..# ..# #......
#.#.####... #.#...


There were no monsters in sight!

Vanquished Creatures
  A worm (D:1)
  A dart slug (D:1)
  3 bats
  A goblin (D:2)
  4 hobgoblins
  A kobold (D:1)
  3 ball pythons
  6 frilled lizards
  2 rats
22 creatures vanquished.

Notes
Turn   | Place    | Note
-------+----------+-------------------------------------------
     0 | D:1      | MalarOregon the Merfolk Skald began the quest for the Orb.
     0 | D:1      | Reached XP level 1. HP: 16/16 MP: 3/3
    41 | D:1      | You fall through a shaft!
    79 | D:1      | Reached XP level 2. HP: 22/22 MP: 5/5
    83 | D:1      | Learned a level 2 spell: Shroud of Golubria
  1012 | D:1      | Reached XP level 3. HP: 12/27 MP: 6/6
  1245 | D:2      | Found a shattered altar of Ashenzari.
  1313 | D:2      | Noticed Sigmund
  1345 | D:2      | Slain by Sigmund

Action                   || total
-------------------------++-------
Melee: Spear             ||   104
  Use: Potion            ||     6
 Stab: Sleeping          ||     1
  Eat: Chunk             ||     1
Armor: Leather armour    ||     9
Dodge: Dodged            ||    23
Block: Shield            ||    17
